 Dungeon Crawl Stone Soup version 0.26-b1-32-g5d43845318 (webtiles) character file.

Game seed: 10260582169512039467

46 Borgoz the Cudgeller (level 3, -6/30 HPs)
             Began as a Ghoul Gladiator on Jan 13, 2021.
             Mangled by an orc
             ... wielding a cursed -1 flail
              (10 damage)
             ... on level 2 of the Dungeon.
             The game lasted 00:00:33 (865 turns).

Borgoz the Cudgeller (Ghoul Gladiator)               Turns: 865, Time: 00:00:33

Health: -6/30      AC:  4    Str: 18    XL:     3   Next: 68%
Magic:  2/2        EV: 12    Int:  3    God:
Gold:   75         SH:  0    Dex: 10    Spells: 2/2 levels left

rFire    . . .     SeeInvis .   a - +0 flail
rCold    + . .     Faith    .   (no shield)
rNeg     + + +     Spirit   .   b - +0 leather armour
rPois    ∞         Reflect  .   c - +0 helmet
rElec    .         Harm     .   (no cloak)
rCorr    .         Rampage  .   (no gloves)
Will     .....                  (no boots)
Stlth    +.........             (no amulet)
HPRegen  0.00/turn              (no ring)
MPRegen  0.08/turn              (no ring)

@: no status effects
A: claws 1, cold resistance 1, negative energy resistance 3, inhibited
regeneration, torment resistance, unbreathing
a: no special abilities


You were on level 2 of the Dungeon.
You visited 1 branch of the dungeon, and saw 2 of its levels.

You collected 75 gold pieces.

Inventory:

Hand Weapons
 a - a +0 flail (weapon)
Missiles
 d - 3 throwing nets (quivered)
Armour
 b - a +0 leather armour (worn)
 c - a +0 helmet (worn)
Scrolls
 f - a scroll of noise {unknown}
 g - 2 scrolls of identify {unknown}
Potions
 e - 3 potions of curing {unknown}
 h - a potion of heal wounds {unknown}
 i - a potion of lignification {unknown}


   Skills:
 * Level 2.8 Fighting
 * Level 3.1 Maces & Flails
 - Level 1.7 Throwing
 * Level 1.2 Armour
 * Level 3.1 Dodging


You had 2 spell levels left.
You didn't know any spells.
Your spell library was empty.

Dungeon Overview and Level Annotations

Branches:
Dungeon (2/15)

Altars:


Innate Abilities, Weirdness & Mutations

You thrive by killing the living.
You are immune to poison.
You have sharp fingernails.
Your flesh is cold resistant. (rC+)
You are immune to negative energy. (rN+++)
You do not regenerate when monsters are visible.
You are immune to unholy pain and torment.
You can survive without breathing.


Message History

You see here a +0 whip.
The bat hits you but does no damage.
A giant cockroach comes into view.
The orc hits you but does no damage.
You closely miss the bat. The bat hits you but does no damage.
The bat completely misses you. The orc closely misses you.
You hit the bat.
The bat is severely wounded.
The bat closely misses you. The bat hits you but does no damage.
The orc hits you with a cursed -1 flail.
* * * LOW HITPOINT WARNING * * *
The bat barely misses you.
You barely miss the bat.
The bat is severely wounded.
The bat hits you but does no damage. x2; The orc closely misses you.
You barely miss the orc.
The orc is heavily wounded.
The bat barely misses you.
The orc hits you with a cursed -1 flail!
You die...

.....# .....# #
...#.#.#
#......##
####........
#.####$<..)..##?.
..........##...>.
#..######)o......
. #@bB.....
#.##.##.. #.# .#
#.# # #.# ... #.#
#.#


You could see an orc, a giant cockroach and a bat.

Vanquished Creatures
  An orc priest (D:2)
  A dart slug (D:1)
  2 leopard geckos (D:1)
  An orc (D:2)
  2 bats (D:1)
  A goblin (D:1)
  3 hobgoblins
  A frilled lizard (D:1)
  A rat (D:1)
13 creatures vanquished.

Notes
Turn   | Place    | Note
-------+----------+-------------------------------------------
     0 | D:1      | Borgoz the Ghoul Gladiator began the quest for the Orb.
     0 | D:1      | Reached XP level 1. HP: 17/17 MP: 0/0
   463 | D:1      | Reached XP level 2. HP: 25/25 MP: 1/1
   851 | D:2      | Reached skill level 1 in Armour
   851 | D:2      | Reached XP level 3. HP: 26/30 MP: 2/2
   865 | D:2      | Mangled by an orc

Illustrated notes

Levels and vault maps discovered:
D:1:      mrwooster_arrival_statue_3, layout_rooms
D:2:      layout_loops_cross, nicolae_ru_awakened_eye, dancing_weapons_uskayaw,
          uniq_natasha

Skill      XL: |  1  2 |
---------------+-------+-----
Maces & Flails | 3 |  3.1
Armour         | 1 |  1.2
Dodging        | 3 |  3.1
Fighting       | |  2.8
Throwing       | |  1.7

Action                   || total
-------------------------++-------
Melee: Flail             ||    48
Armor: Leather armour    ||    15
Dodge: Dodged            ||    40
